 Dungeon Crawl Stone Soup version 0.27-a0-836-gfc908b8576 (webtiles) character file.

Game seed: 6033170401632559773

1 polve the Insei (level 1, 0/15 HPs)
             Began as a Demonspawn Transmuter on Mar 31, 2021.
             Succumbed to a goblin's poison
             ... on level 1 of the Dungeon.
             The game lasted 00:00:08 (54 turns).

polve the Insei (Demonspawn Transmuter)               Turns: 54, Time: 00:00:09

Health: 0/15       AC:  2    Str: 10    XL:     1   Next: 16%
Magic:  2/3        EV: 12    Int: 14    God:
Gold:   0          SH:  0    Dex: 13    Spells: 3/4 levels left

rFire    . . .     SeeInvis .     - Unarmed
rCold    . . .     Faith    .   (no shield)
rNeg     . . .     Spirit   .   a - +0 robe
rPois    .         Reflect  .   (helmet currently unavailable)
rElec    .         Harm     .   (no cloak)
rCorr    .         Rampage  .   (no gloves)
Will     .....                  (boots currently unavailable)
Stlth    +.........             (no amulet)
HPRegen  0.05/turn              (no ring)
MPRegen  0.08/turn              (no ring)

@: lethally poisoned (0 -> -27), appendages (expiring)
A: horns 2, talons 2
a: End Transformation


You were on level 1 of the Dungeon.
You had temporarily grown beastly horns and talons.
You visited 1 branch of the dungeon, and saw 1 of its levels.

Inventory:

Armour
 a - a +0 robe (worn)


   Skills:
 - Level 1.0 Fighting
 - Level 1.7 Dodging
 - Level 2.6 Unarmed Combat
 - Level 2.0 Spellcasting
 + Level 1.9 Transmutations


You had 3 spell levels left.
You knew the following spells:

 Your Spells              Type           Power      Damage    Failure   Level
a - Beastly Appendage     Tmut           12%        N/A       11%         1

Your spell library contained the following spells:

 Spells                   Type           Power      Damage    Failure   Level
 Wereblood                Tmut           6%         N/A       16%         2
 Spider Form              Tmut/Pois      2%         N/A       43%         3
 Ice Form                 Ice/Tmut       4%         N/A       85%         4
 Hydra Form               Tmut           3%         N/A       96%         5


Dungeon Overview and Level Annotations

Branches:
Dungeon (1/15)

Altars:


Innate Abilities, Weirdness & Mutations

You have temporarily grown beastly horns and talons.


Message History

No target in view!
Your transformation is almost over.
Magic restored.
Your horns disappear.
Your talons disappear.
You open the door.
A goblin and a gnoll come into view.
The goblin is wielding a +2 dagger of venom.
The gnoll shouts!
There are monsters nearby!
There are monsters nearby!
You grow a pair of large bovine horns.
Your feet morph into talons.
The gnoll hits you with a +0 whip.
There is an open door here.
You hit the gnoll but do no damage. The goblin completely misses you.
The gnoll misses you.
You barely miss the gnoll. You headbutt the gnoll!
The gnoll is severely wounded.
The goblin closely misses you. The gnoll barely misses you.
You closely miss the gnoll.
The gnoll is severely wounded.
Your transformation is almost over.
The goblin hits you with a +2 dagger of venom.
You are lethally poisoned!
The gnoll hits you with a +0 whip.
* * * LOW HITPOINT WARNING * * *
You are too injured to fight recklessly!
You are too injured to fight recklessly!
You are too injured to fight recklessly!
You are too injured to fight recklessly!
You are too injured to fight recklessly!
You are too injured to fight recklessly!
You are too injured to fight recklessly!
You are too injured to fight recklessly!
You are too injured to fight recklessly!
You are too injured to fight recklessly!
You are too injured to fight recklessly!
You are too injured to fight recklessly!
You are too injured to fight recklessly!
You are too injured to fight recklessly!
You die...

##.......## ###
#.........# #...
+.....^...+ #.8.
#.........# #...
#.......# ##+###
#.....# .....#####
#.gg# .....#...# #'#
..8..'.<.# #@######
.....#...# #......#
.....##### ##..###.#
+###'# ##...###.#
.##..# #....>.....
....## ##...#.#.##
###.############..#.#.#
#............#......#
############......###


You could see a gnoll and a goblin.

Vanquished Creatures
  An endoplasm (D:1)
1 creature vanquished.

Notes
Turn   | Place    | Note
-------+----------+-------------------------------------------
     0 | D:1      | polve the Demonspawn Transmuter began the quest for the
                  | Orb.
     0 | D:1      | Reached XP level 1. HP: 15/15 MP: 3/3
    54 | D:1      | Succumbed to a goblin's poison

Illustrated notes

Levels and vault maps discovered:
D:1:      minmay_arrival_stair_chambers, layout_loops_corners

Action                   || total
-------------------------++-------
Melee: Unarmed           ||     6
       Headbutt          ||     1
 Cast: Beastly Appendage ||     2
Dodge: Dodged            ||     5

Table legend: (Time is in decaauts)
 A = Elapsed time spent in this place.
 B = Non-inter-level travel time spent in this place.
 C = Inter-level travel time spent in this place.
 D = Time resting spent in this place.
 E = Time spent auto-exploring this place.
 F = Levels seen in this place.
 G = Mean time per level.
                   A        B        C        D        E       F      G
               +--------+--------+--------+--------+--------+-----+--------+
         Total |     53 |     53 |      0 |      0 |     43 |   1 |   53.0 |
       Dungeon |     53 |     53 |      0 |      0 |     43 |   1 |   53.0 |
               +--------+--------+--------+--------+--------+-----+--------+

Top non-repeatable levels by time:
     D:1: 53 daAuts
